 Dungeon Crawl Stone Soup version 0.29.0-4-gdea44cf6ec (webtiles) character file.

Game seed: 348281924741016407

389 qw the Chopper (level 6, -7/37 HPs)
             Began as a Tengu Warper on Aug 28, 2022.
             Mangled by an ogre
             ... wielding a +0 giant club
              (22 damage)
             ... on level 4 of the Dungeon.
             The game lasted 00:00:23 (4474 turns).

qw the Chopper (Tengu Warper)                       Turns: 4474, Time: 00:00:23

Health: -7/37      AC:  9    Str: 13    XL:     6   Next: 79%
Magic:  10/10      EV: 13    Int: 14    God:
Gold:   74         SH:  0    Dex: 13    Spells: 9/9 levels left

rFire   . . .      SeeInvis .   Y - +0 hand axe
rCold   . . .      Faith    .   (no shield)
rNeg    . . .      Spirit   .   f - +0 ring mail
rPois   +          Reflect  .   (helmet restricted)
rElec   .          Harm     .   h - +0 cloak
rCorr   .          Rampage  .   i - +2 pair of gloves
Will    .....                   (boots unavailable)
Stlth   +.........              (no amulet)
HPRegen 0.12/turn               g - ring of poison resistance
MPRegen 0.12/turn               (no ring)

@: flying quickly and evasively, quick
A: beak, talons 3, nimble flight
a: no special abilities


You were on level 4 of the Dungeon.
You visited 1 branch of the dungeon, and saw 4 of its levels.

You collected 146 gold pieces.
You spent 72 gold pieces at shops.


Innate Abilities, Weirdness & Mutations

You have a beak for a mouth.
You have claws for feet.
Your magical nature lets you fly swiftly and evasively.


   Skills:
 - Level 3.3 Fighting
 + Level 7.1 Axes
 - Level 1.0 Throwing
 - Level 1.1 Armour
 - Level 2.1 Dodging
 - Level 2.0 Spellcasting
 - Level 2.4 Translocations


You had 9 spell levels left.
You didn't know any spells.
Your spell library contained the following spells:

 Spells                   Type           Power      Damage    Failure   Level
 Blink                    Tloc           16%        N/A       28%         2
 Gell's Gravitas          Tloc           8%         N/A       50%         3
 Lesser Beckoning         Tloc           8%         N/A       50%         3
 Teleport Other           Tloc           8%         N/A       50%         3
 Manifold Assault         Tloc           8%         N/A       99%         5

Inventory:

Hand Weapons
 d - a +0 flail of protection
 Y - a +0 hand axe (weapon)
Missiles
 b - 2 boomerangs (quivered)
Armour
 f - a +0 ring mail (worn)
 h - a +0 cloak (worn)
 i - a +2 pair of gloves (worn)
Jewellery
 g - a ring of poison resistance (left hand)
Scrolls
 e - a scroll of identify
Potions
 a - 3 potions of heal wounds
 j - a potion of cancellation {unknown}
 k - a potion of curing
 m - a potion of degeneration {unknown}

Dungeon Overview and Level Annotations

Branches:
Dungeon (4/15)
 Temple: D:4-7

Altars:
Makhleb
Ru
Xom
The Shining One

Shops:
D:2 ?


Message History

You hit the orc but do no damage. You claw the orc. Your peck misses the orc.
The orc is severely wounded.
The orc misses you.
You closely miss the orc. You claw the orc, but do no damage.
The orc is severely wounded.
An orc comes into view. It is wielding a +0 hand axe.
The orc barely misses you.
You closely miss the orc. You claw the orc, but do no damage.
The orc is severely wounded.
The orc hits you but does no damage.
You closely miss the orc. You claw the orc.
You kill the orc!
The giant cockroach bites you.
An ogre comes into view. It is wielding a +0 giant club.
The ogre shouts!
You hit the giant cockroach.
You kill the giant cockroach!
You closely miss the orc. Your kick misses the orc. You hit the orc.
You claw the orc, but do no damage. You peck the orc.
You kill the orc!
You closely miss the orc. You claw the orc.
The orc is heavily wounded.
The orc hits you but does no damage.
You hit the orc.
The orc is almost dead.
The orc hits you with a +0 hand axe.
You closely miss the orc.
The orc is almost dead.
The orc barely misses you.
You hit the orc.
You kill the orc!
You hit the ogre. You claw the ogre!
The ogre is moderately wounded.
The ogre hits you with a +0 giant club!!
Ouch! That really hurt!
You hit the ogre.
The ogre is heavily wounded.
The ogre hits you with a +0 giant club!!
Ouch! That really hurt!
You die...

#.......... ##..........
# #..# #.##..7 ..
###..###....7 ..
...........7 ..
#(........7# #7.. #
###.....^....777..#
..#..#..................
.......@..#.##......%...
.......O###.....#####...
......... #.....# ##....
.#<......##..######.....
###.........##.........
#.....>...##.####....
..........# ##...
............ . #....
......... #.# ##.##


You could see an ogre.

Vanquished Creatures
  Sigmund (D:2)
  A howler monkey (D:4)
  8 gnolls (D:3)
  3 adders
  A worm (D:4)
  5 dart slugs
  6 orcs
  5 bats
  5 endoplasms
  3 giant cockroaches (D:4)
  6 hobgoblins
  3 jackals (D:3)
  2 quokkas (D:2)
  8 ball pythons
  3 frilled lizards
  8 goblins
  2 kobolds (D:1)
  6 rats
76 creatures vanquished.

Notes
Turn   | Place    | Note
-------+----------+-------------------------------------------
     0 | D:1      | qw the Tengu Warper began the quest for the Orb.
     0 | D:1      | Reached XP level 1. HP: 12/12 MP: 4/4
     0 | D:1      | 0 ||| qw: Version: 0.1-a-89-g26bdef1
     0 | D:1      | 0 ||| qw: Game counter: 893
     0 | D:1      | 0 ||| qw: Always use a shield: true
     0 | D:1      | 0 ||| qw: God list: Okawaru
     0 | D:1      | 0 ||| qw: Allow faded altars: false
     0 | D:1      | 0 ||| qw: Do Orc after D:15 true
     0 | D:1      | 0 ||| qw: Do second Lair branch before Depths: true
     0 | D:1      | 0 ||| qw: Lair rune preference: random
     0 | D:1      | 0 ||| qw: Plans: Normal
     0 | D:1      | 0 ||| PLANNING D:1-11
   139 | D:1      | 139 ||| Stepping ~*~*~tactically~*~*~ (stealth).
   140 | D:1      | 140 ||| Stepping ~*~*~tactically~*~*~ (stealth).
   273 | D:1      | Reached skill level 3 in Axes
   273 | D:1      | Reached XP level 2. HP: 17/17 MP: 6/6
   274 | D:1      | You fall into a shaft and drop 1 floor!
   349 | D:2      | 349 ||| UPGRADING to ring of poison resistance.
   350 | D:2      | 350 ||| READING scroll labelled ELI MUNEXZICIL.
   472 | D:2      | 472 ||| DRINKING 2 silvery potions.
   473 | D:2      | 473 ||| DROPPING scroll of blinking.
  1139 | D:1      | Reached XP level 3. HP: 18/21 MP: 7/7
  1220 | D:1      | 1220 ||| Stepping ~*~*~tactically~*~*~ (stealth).
  1272 | D:1      | 1272 ||| Stepping ~*~*~tactically~*~*~ (hiding).
  1374 | D:1      | 1374 ||| Stepping ~*~*~tactically~*~*~ (hiding).
  1476 | D:1      | 1476 ||| Stepping ~*~*~tactically~*~*~ (hiding).
  1578 | D:1      | 1578 ||| Stepping ~*~*~tactically~*~*~ (hiding).
  1709 | D:1      | Reached skill level 4 in Axes
  1853 | D:1      | 1853 ||| UPGRADING to +1 pair of gloves.
  1858 | D:1      | 1858 ||| UPGRADING to +2 pair of gloves.
  1868 | D:1      | 1868 ||| DROPPING +1 pair of gloves.
  1869 | D:1      | 1869 ||| READING scroll labelled JINWUM MOAXKY.
  1874 | D:1      | 1874 ||| READING scroll labelled HOEWUU BITEWKOES.
  2157 | D:2      | Found a faded altar of an unknown god.
  2181 | D:2      | Identified the +4 dagger "Wooc" {spect, rC+}
  2209 | D:2      | 2209 ||| Stepping ~*~*~tactically~*~*~ (hiding).
  2328 | D:2      | Reached XP level 4. HP: 22/26 MP: 8/8
  2502 | D:2      | Found Qaon's Magic Scroll Emporium.
  2505 | D:2      | Noticed Sigmund
  2506 | D:2      | 2506 ||| Stepping ~*~*~tactically~*~*~ (hiding).
  2608 | D:2      | 2608 ||| Stepping ~*~*~tactically~*~*~ (hiding).
  2710 | D:2      | 2710 ||| Stepping ~*~*~tactically~*~*~ (hiding).
  2717 | D:2      | 2717 ||| DRINKING potion of curing.
  2717 | D:2      | 2717 ||| (to cure confusion)
  2727 | D:2      | Killed Sigmund
  2728 | D:2      | Reached skill level 6 in Axes
  2728 | D:2      | Gained mutation: Your magical nature lets you fly swiftly
                  | and evasively. [Tengu growth]
  2728 | D:2      | Reached XP level 5. HP: 9/30 MP: 9/9
  2728 | D:2      | Reached XP level 6. HP: 10/35 MP: 10/10
  2949 | D:2      | 2949 ||| SHOPLISTING scroll of enchant weapon (90 gold,
                  | have 86).
  2949 | D:2      | 2949 ||| BUYING scroll of identify (24 gold).
  2949 | D:2      | Bought a scroll of identify for 24 gold pieces
  2949 | D:2      | 2949 ||| BUYING scroll of identify (24 gold).
  2949 | D:2      | Bought a scroll of identify for 24 gold pieces
  2949 | D:2      | 2949 ||| BUYING scroll of identify (24 gold).
  2949 | D:2      | Bought a scroll of identify for 24 gold pieces
  2949 | D:2      | 2949 ||| SHOPLISTING scroll of teleportation (36 gold, have
                  | 14).
  3024 | D:2      | 3024 ||| Stepping ~*~*~tactically~*~*~ (hiding).
  3168 | D:2      | 3168 ||| UPGRADING to +0 ring mail.
  3178 | D:2      | 3178 ||| DROPPING +0 leather armour.
  3179 | D:2      | 3179 ||| UPGRADING to +0 cloak.
  3184 | D:2      | 3184 ||| READING scroll labelled FEUPYF EREFUA.
  3185 | D:2      | 3185 ||| READING scroll labelled UPLIUDW WIYMA.
  3286 | D:2      | 3286 ||| DRINKING 2 golden potions.
  3287 | D:2      | 3287 ||| READING 3 scrolls of identify.
  3287 | D:2      | 3287 ||| IDENTIFYING red potion
  3288 | D:2      | 3288 ||| READING 2 scrolls of identify.
  3288 | D:2      | 3288 ||| IDENTIFYING murky yellow potion
  3289 | D:2      | 3289 ||| DROPPING potion of flight.
  3290 | D:2      | 3290 ||| DROPPING potion of attraction.
  3371 | D:3      | 3371 ||| Stepping ~*~*~tactically~*~*~ (hiding).
  3390 | D:3      | Reached skill level 7 in Axes
  3551 | D:3      | 3551 ||| DROPPING +0 flail.
  3552 | D:3      | 3552 ||| DROPPING +0 club.
  3749 | D:3      | 3749 ||| Stepping ~*~*~tactically~*~*~ (stealth).
  3869 | D:3      | Found a sacrificial altar of Ru.
  3870 | D:3      | Found a glowing golden altar of the Shining One.
  3870 | D:3      | Found a burning altar of Makhleb.
  3930 | D:3      | 3930 ||| Stepping ~*~*~tactically~*~*~ (hiding).
  4039 | D:3      | Found a shimmering altar of Xom.
  4328 | D:3      | 4328 ||| READING scroll labelled ESKAOCWIKUR.
  4420 | D:4      | Reached skill level 3 in Fighting
  4425 | D:4      | 4425 ||| Stepping ~*~*~tactically~*~*~ (stealth).
  4453 | D:4      | 4453 ||| Stepping ~*~*~tactically~*~*~ (stealth).
  4474 | D:4      | Mangled by an ogre

Levels and vault maps discovered:
D:1:      minmay_arrival_loop, layout_basic
D:2:      layout_loops_ring, chequers_ecumenical_altar_simple_redux,
          serial_shops, nicolae_square_shop, dk_noncrumbling_2, uniq_sigmund
D:3:      layout_basic, tgw_xom, chequers_temple_overflow_statue_of_worship
D:4:      layout_cave_pools, mainiacjoe_overflow_catwalk,
          minmay_stone_trees_small, hex_medium, chequers_mini_garden,
          serial_park_tiny_pond

Skill      XL: |  1  2  3  4  5  6 |
---------------+-------------------+-----
Axes           | 3 4 6 7 |  7.1
Fighting       | 3 |  3.3
Throwing       | |  1.0
Armour         | |  1.1
Dodging        | |  2.1
Spellcasting   | |  2.0
Translocations | |  2.4

Action                   |  1- 3 |  4- 6 || total
-------------------------+-------+-------++-------
Melee: Hand axe          |    89 |   109 ||   198
       Peck              |    12 |    22 ||    34
       Kick              |    17 |    30 ||    47
       Punch             |     1 |     3 ||     4
Throw: Boomerang         |     7 |    20 ||    27
  Use: Scroll            |     3 |     5 ||     8
       Potion            |     1 |     2 ||     3
Armor: Leather armour    |    18 |     2 ||    20
       Ring mail         |       |    20 ||    20
Dodge: Dodged            |    41 |    46 ||    87

Table legend:
 A = Non-vault XP
 B = Vault XP
 C = Vault XP percentage of total XP
 D = Non-vault monster count
 E = Vault monster count
 F = Vault count percentage of total count
                 A         B        C        D         E       F
            +---------+---------+-------+---------+---------+-------
      Total |     273 |     283 |  50.9 |      71 |       5 |   6.6
            +---------+---------+-------+---------+---------+-------
        D:1 |      45 |       0 |   0.0 |      28 |       0 |   0.0
        D:2 |      55 |     226 |  80.4 |      16 |       1 |   5.9
        D:3 |      95 |      57 |  37.5 |      17 |       4 |  19.0
        D:4 |      78 |       0 |   0.0 |      10 |       0 |   0.0
            +---------+---------+-------+---------+---------+-------
